 Seeded DCSS version 0.31-a0-210-gccc998df9b (webtiles) character file.

Game seed: 8113056780134302019 (custom seed)

23 innerfire43 the Trooper (level 2, -3/24 HPs)
             Began as a Demonspawn Monk on June 29, 2023.
             Slain by a gnoll
             ... wielding a +0 whip
              (6 damage)
             ... on level 1 of the Dungeon.
             The game lasted 00:00:29 (359 turns).

innerfire43 the Trooper (Demonspawn Monk)            Turns: 359, Time: 00:00:30

Health: -3/24      AC:  3    Str: 11    XL:     2   Next: 72%
Magic:  2/2        EV: 13    Int: 11    God:
Gold:   24         SH:  0    Dex: 15    Spells: 1/1 levels left

rFire   . . .        a - +0 falchion
rCold   . . .        d - orb {light}
rNeg    . . .        b - +0 robe
rPois   .            h - +0 helmet
rElec   .            (no cloak)
rCorr   .            (no gloves)
SInv    .            (no boots)
Will    .....        (no amulet)
Stlth   +            (no ring)
HPRegen 0.24/turn    (no ring)
MPRegen 0.08/turn

%: no passive effects
@: glowing
A: demonic touch 1
a: no special abilities


You were on level 1 of the Dungeon.
You visited 1 branch of the dungeon, and saw 1 of its levels.

You collected 24 gold pieces.

Inventory:

Hand Weapons
 a - a +0 falchion (weapon)
Armour
 b - a +0 robe (worn)
 d - an orb of light (worn)
 h - a +0 helmet (worn)
Jewellery
 e - a ring of see invisible
Scrolls
 f - a scroll of acquirement {unknown}
 g - 2 scrolls of vulnerability {unknown}
Potions
 c - a potion of ambrosia


   Skills:
 + Level 3.4 Fighting
 + Level 3.0 Long Blades
 + Level 3.0 Dodging


You had one spell level left.
You didn't know any spells.
Your spell library was empty.

Dungeon Overview and Level Annotations

Branches:
Dungeon (1/15)

Altars:

Shops:
D:1 ?


Innate Abilities, Weirdness & Mutations

Your touch may inflict minor irresistible damage on your foes.


Message History

Things that are here:
a +0 club; a goblin corpse You slash the bat!
You kill the bat!
You see here a giant cockroach corpse.
g - 2 scrolls labelled YGAPRYER YRCHUREC (gained 1)
You now have 24 gold pieces (gained 3).
Found a dagger.
A ball python comes into view.
The ball python hisses angrily.
A gnoll comes into view. It is wielding a +0 whip.
Found 2 stones.
Found a stone staircase leading down.
The gnoll shouts!
There are monsters nearby!
There are monsters nearby!
You slash the ball python!
You kill the ball python!
The gnoll hits you with a +0 whip.
You hit the gnoll.
The gnoll is lightly wounded.
The gnoll hits you with a +0 whip.
A gnoll is nearby!
You hit the gnoll but do no damage.
The gnoll is lightly wounded.
The gnoll hits you with a +0 whip.
You are too injured to fight recklessly!
A gnoll is nearby!
You are too injured to fight recklessly!
You are too injured to fight recklessly!
You hit the gnoll.
The gnoll is heavily wounded.
The gnoll barely misses you.
You hit the gnoll.
The gnoll is heavily wounded.
The gnoll hits you with a +0 whip!
* * * LOW HITPOINT WARNING * * *
You hit the gnoll.
The gnoll is severely wounded.
The gnoll hits you with a +0 whip.
You die...

.. #........... ..
#..........### ..
#.......>..#.( ##. ..
#............. ... ..
#...........# #.. ..
#........)..#. #.# ..
#....g........ #.# ..
#..†@...#.# ##.# #.
#.......#.###..# ##.
#.........#..>.####..
#......##.#...#......
#......##....##......
#.[..........##......
#...........########.
#.....#.†.......# ##
#####.#.#)#.....# #


You could see a gnoll.

Vanquished Creatures
  2 dart slugs (D:1)
  4 bats (D:1)
  2 endoplasms (D:1)
  2 giant cockroaches (D:1)
  2 goblins (D:1)
  A kobold (D:1)
  A quokka (D:1)
  A ball python (D:1)
  A rat (D:1)
16 creatures vanquished.

Notes
Turn   | Place    | Note
-------+----------+-------------------------------------------
     0 | D:1      | innerfire43 the Demonspawn Monk began the quest for the
                  | Orb.
     0 | D:1      | Reached XP level 1. HP: 18/18 MP: 1/1
    50 | D:1      | Found Ponycs's Magic Scroll Shop.
   116 | D:1      | Gained mutation: Your touch may inflict minor irresistible
                  | damage on your foes. [demonic ancestry]
   116 | D:1      | Reached XP level 2. HP: 15/24 MP: 2/2
   359 | D:1      | Slain by a gnoll

Illustrated notes

Levels and vault maps discovered:
D:1:      roderic_crossed_star, layout_rooms, serial_shops, nicolae_diamond_shop

Skill      XL: |  1  2 |
---------------+-------+-----
Long Blades    | 3 |  3.0
Dodging        | 3 |  3.0
Fighting       | |  3.4

Action                     || total
---------------------------++-------
  Melee: Falchion          ||    40
 Armour: Robe              ||    11
  Dodge: Dodged            ||    31

Table legend: (Time is in decaauts)
 A = Elapsed time spent in this place.
 B = Non-inter-level travel time spent in this place.
 C = Inter-level travel time spent in this place.
 D = Time resting spent in this place.
 E = Time spent auto-exploring this place.
 F = Levels seen in this place.
 G = Mean time per level.
                   A        B        C        D        E       F      G
               +--------+--------+--------+--------+--------+-----+--------+
         Total |    364 |    364 |      0 |      0 |    260 |   1 |  364.0 |
       Dungeon |    364 |    364 |      0 |      0 |    260 |   1 |  364.0 |
               +--------+--------+--------+--------+--------+-----+--------+

Top non-repeatable levels by time:
     D:1: 364 daAuts
